 Dungeon Crawl Stone Soup version 0.31-a0-152-g6aa68a64a1 (webtiles) character file.

Game seed: 9732867425525086579

92 qw the Shooter (level 4, -3/38 HPs)
             Began as a Minotaur Hunter on June 9, 2023.
             Slain by a black mamba (shapeshifter) (8 damage)
             ... on level 3 of the Dungeon.
             The game lasted 00:00:31 (1836 turns).

qw the Shooter (Minotaur Hunter)                    Turns: 1836, Time: 00:00:32

Health: -3/38      AC:  7    Str: 16    XL:     4   Next: 35%
Magic:  3/3        EV: 11    Int:  6    God:
Gold:   156        SH:  0    Dex: 15    Spells: 3/3 levels left

rFire   . . .        Y - +1 shortbow (chaos)
rCold   . . .        (shield currently unavailable)
rNeg    . . .        i - +0 ring mail
rPois   .            (helmet restricted)
rElec   .            c - +0 cloak
rCorr   .            k - +0 pair of gloves
SInv    .            (no boots)
Will    .....        h - amulet of faith Stlth
                     (no ring)
HPRegen 0.26/turn    (no ring)
MPRegen 0.08/turn

%: faith
@: confused, lethally poisoned (-3 -> -38)
A: horns 2, retaliatory headbutt
a: no special abilities


You were on level 3 of the Dungeon.
You visited 1 branch of the dungeon, and saw 3 of its levels.

You collected 156 gold pieces.


Innate Abilities, Weirdness & Mutations

You have a pair of horns on your head.
You reflexively headbutt those who attack you in melee.


   Skills:
 + Level 3.2 Fighting
 - Level 6.0 Ranged Weapons
 - Level 1.2 Armour
 - Level 2.1 Dodging
 - Level 0.7 Stealth


You had 3 spell levels left.
You didn't know any spells.
Your spell library was empty.

Inventory:

Hand Weapons
 Y - a +1 shortbow of chaos (weapon)
Armour
 c - a +0 cloak (worn)
 i - a +0 ring mail (worn)
 k - a +0 pair of gloves (worn)
Jewellery
 h - an amulet of faith (around neck)
Scrolls
 f - 4 scrolls of identify

Dungeon Overview and Level Annotations

Branches:
Dungeon (3/15)

Altars:


Message History

An endoplasm and an orc come into view.
Found an escape hatch in the ceiling.
The orc shouts!
A bat comes into view.
An orc wizard comes into view. It is wielding a +0 dagger.
You shoot an arrow. The arrow barely misses the orc.
An orc comes into view. It is wielding a +0 flail.
An orc comes into view. It is wielding a +0 hand axe.
You shoot an arrow. The arrow misses the bat.
The orc shouts!
The bat closely misses you. You furiously retaliate!
You headbutt the bat!
You kill the bat!
You shoot an arrow. The arrow closely misses the orc.
The arrow hits the orc.
The orc changes into a shapeshifter!
The shapeshifter is lightly wounded.
The shapeshifter changes into a tarantella!
You shoot an arrow. The arrow hits the orc!
You kill the orc!
The tarantella changes into a black mamba!
You shoot an arrow. The arrow hits the endoplasm!
You kill the endoplasm!
The orc wizard gestures at you while chanting.
The puff of flame hits you!
You shoot an arrow. The arrow barely misses the orc wizard.
The orc wizard points at you and mumbles some strange words.
You are confused.
The black mamba closely misses you.
The orc wizard gestures at you while chanting.
You are more confused.
The black mamba bites you!
You are poisoned.
The black mamba poisons you! The orc hits you with a +0 hand axe.
The orc wizard casts a spell at you. You resist with some effort.
The black mamba bites you.
You feel very sick. The black mamba bites you.
You are more poisoned.
The black mamba poisons you! The orc wizard misses you. The orc misses you.
The black mamba bites you!
You die...

###.###.#
...........#
...<...$.).#
...........#
........%..#
.).........#
...........##
.....)o...(<#
#.....S@..#.#
......o####.#
######. #.#
.. ..# ##<
### .. #. #.


You could see a black mamba shaped shifter, an orc wizard and an orc.

Vanquished Creatures
  4 adders (D:2)
  2 worms (D:2)
  An orc (D:3)
  4 bats
  5 endoplasms
  3 giant cockroaches
  A goblin (D:1)
  6 hobgoblins
  4 jackals (D:1)
  4 kobolds
  A quokka (D:1)
  5 ball pythons (D:1)
  3 frilled lizards
  2 rats
45 creatures vanquished.

Notes
Turn   | Place    | Note
-------+----------+-------------------------------------------
     0 | D:1      | qw the Minotaur Hunter began the quest for the Orb.
     0 | D:1      | Reached XP level 1. HP: 18/18 MP: 0/0
     0 | D:1      | 0 ||| qw: Version: 0.2-a-122-gbc61b45
     0 | D:1      | 0 ||| qw: Game counter: 3449
     0 | D:1      | 0 ||| qw: Always use a shield: true
     0 | D:1      | 0 ||| qw: God list: Okawaru
     0 | D:1      | 0 ||| qw: Allow faded altars: false
     0 | D:1      | 0 ||| qw: Do Orc after D:15 true
     0 | D:1      | 0 ||| qw: Do second Lair branch before Depths: true
     0 | D:1      | 0 ||| qw: Lair rune preference: random
     0 | D:1      | 0 ||| qw: Plans: Normal
     0 | D:1      | 0 ||| PLANNING D:1-11
    41 | D:1      | Reached XP level 2. HP: 18/25 MP: 1/1
    44 | D:1      | Reached skill level 5 in Ranged Weapons
   377 | D:1      | Reached skill level 3 in Fighting
   464 | D:1      | Reached XP level 3. HP: 31/31 MP: 2/2
   840 | D:1      | 840 ||| UPGRADING to +0 ring mail.
   850 | D:1      | 850 ||| DROPPING +0 leather armour.
   851 | D:1      | 851 ||| UPGRADING to +0 pair of gloves.
   856 | D:1      | 856 ||| UPGRADING to amulet of faith.
   861 | D:1      | 861 ||| READING scroll labelled ALIYRA XYASCH.
   917 | D:1      | 917 ||| READING 4 scrolls labelled CIWATRO LAOPHE.
   918 | D:1      | 918 ||| READING scroll labelled ISUAME FIOH.
   919 | D:1      | 919 ||| READING scroll labelled HEORUK APAWN.
   920 | D:1      | 920 ||| READING 3 scrolls of identify.
   920 | D:1      | 920 ||| IDENTIFYING smoky golden potion
   921 | D:1      | 921 ||| DROPPING scroll of butterflies.
   922 | D:1      | 922 ||| DROPPING potion of invisibility.
   970 | D:2      | Reached skill level 1 in Armour
  1334 | D:2      | Reached XP level 4. HP: 38/38 MP: 3/3
  1739 | D:2      | Reached skill level 6 in Ranged Weapons
  1798 | D:2      | 1798 ||| UPGRADING to +0 cloak.
  1803 | D:2      | 1803 ||| READING scroll labelled HAEROR JIROM.
  1804 | D:2      | 1804 ||| READING scroll labelled TARAPTOJIB.
  1805 | D:2      | 1805 ||| READING 5 scrolls of identify.
  1805 | D:2      | 1805 ||| IDENTIFYING lumpy amethyst potion
  1806 | D:2      | 1806 ||| DROPPING potion of ambrosia.
  1829 | D:3      | an orc changed into a shapeshifter
  1829 | D:3      | Noticed a shapeshifter (shapeshifter)
  1829 | D:3      | a shapeshifter changed into a tarantella
  1829 | D:3      | Noticed a tarantella (shapeshifter)
  1830 | D:3      | a tarantella changed into a black mamba
  1830 | D:3      | Noticed a black mamba (shapeshifter)
  1836 | D:3      | HP: 9/38 [poisoned by a black mamba]
  1836 | D:3      | Slain by a black mamba (shapeshifter)

Levels and vault maps discovered:
D:1:      heliophobic_arrival_dark_side_of_the_moon, layout_basic
D:2:      layout_loops_corners
D:3:      layout_basic

Skill      XL: |  1  2  3  4 |
---------------+-------------+-----
Ranged Weapons | 5 6 |  6.0
Fighting       | 3 |  3.2
Armour         | 1 |  1.2
Dodging        | |  2.1
Stealth        | |  0.7

Action                     |  1- 3 |  4- 6 || total
---------------------------+-------+-------++-------
   Fire: Shortbow          |    88 |    16 ||   104
    Use: Scroll            |     5 |     3 ||     8
 Armour: Leather armour    |    10 |       ||    10
         Ring mail         |     2 |     1 ||     3
  Dodge: Dodged            |    50 |     5 ||    55

Table legend:
 A = Non-vault XP
 B = Vault XP
 C = Vault XP percentage of total XP
 D = Non-vault monster count
 E = Vault monster count
 F = Vault count percentage of total count
                 A         B        C        D         E       F
            +---------+---------+-------+---------+---------+-------
      Total |     132 |       0 |   0.0 |      45 |       0 |   0.0
            +---------+---------+-------+---------+---------+-------
        D:1 |      47 |       0 |   0.0 |      26 |       0 |   0.0
        D:2 |      77 |       0 |   0.0 |      14 |       0 |   0.0
        D:3 |       8 |       0 |   0.0 |       5 |       0 |   0.0
            +---------+---------+-------+---------+---------+-------
